 Dungeon Crawl Stone Soup version 0.28.0 (webtiles) character file.

Game seed: 15586356660037174673

98 sanka the Magician (level 4, -12/24 HPs)
             Began as a Deep Elf Transmuter on Feb 10, 2022.
             Killed by divine providence
             ... invoked by an orc priest
              (16 damage)
             ... on level 3 of the Dungeon.
             The game lasted 00:04:53 (2276 turns).

sanka the Magician (Deep Elf Transmuter)            Turns: 2276, Time: 00:04:53

Health: -12/24     AC:  2    Str:  7    XL:     4   Next: 43%
Magic:  10/12      EV: 24    Int: 20    God:
Gold:   114        SH:  0    Dex: 20    Spells: 4/12 levels left

rFire   . . .      SeeInvis .     - Unarmed
rCold   . . .      Faith    .   (shield currently unavailable)
rNeg    . . .      Spirit   .   (armour currently unavailable)
rPois   x          Reflect  .   (helmet currently unavailable)
rElec   .          Harm     .   (cloak currently unavailable)
rCorr   .          Rampage  .   (gloves currently unavailable)
Will    .....                   (boots currently unavailable)
Stlth   ++........              (no amulet)
HPRegen 0.08/turn               b - +4 ring of evasion
MPRegen 0.13/turn               (no ring)

@: spider-form
A: venomous fangs, tiny
a: End Transformation


You were on level 3 of the Dungeon.
You were a venomous arachnid creature.
You visited 1 branch of the dungeon, and saw 3 of its levels.

You collected 114 gold pieces.

Inventory:

Armour
 a - a +0 robe (melded)
 h - a +0 cloak (melded)
 j - a +1 hat (melded)
Jewellery
 b - a +4 ring of evasion (left front leg)
Scrolls
 c - 2 scrolls of noise {unknown}
 i - a scroll of summoning {unknown}
 k - a scroll of magic mapping {unknown}
 m - a scroll of amnesia {unknown}
 n - a scroll of identify {unknown}
 o - a scroll of blinking {unknown}
Potions
 d - a potion of cancellation {unknown}
 e - 3 potions of lignification {unknown}
 f - a potion of ambrosia {unknown}
 g - a potion of resistance {unknown}
 l - 2 potions of curing {unknown}


   Skills:
 - Level 0.7 Fighting
 - Level 2.4 Dodging
 - Level 2.4 Unarmed Combat
 + Level 4.8 Spellcasting
 - Level 3.0 Transmutations
 + Level 2.5 Poison Magic


You had 4 spell levels left.
You knew the following spells:

 Your Spells              Type           Power      Damage    Failure   Level
a - Beastly Appendage     Tmut           32%        N/A       12%         1
b - Spider Form           Tmut/Pois      16%        N/A       26%         3
c - Iskenderun's Mystic   Conj/Tloc      4%         2d3       89%         4

Your spell library contained the following spells:

 Spells                   Type           Power      Damage    Failure   Level
 Wereblood                Tmut           16%        N/A       16%         2
 Dazzling Flash           Conj/Hex       8%         N/A       56%         3
 Ice Form                 Ice/Tmut       10%        N/A       75%         4
 Starburst                Conj/Fire      2%         6d3       100%        6


Dungeon Overview and Level Annotations

Branches:
Dungeon (3/15)

Altars:


Message History

The kobold completely misses you.
You hit the kobold but do no damage. You claw the kobold.
You kill the kobold!
Your horns disappear.
Your talons disappear.
Your +1 hat unmelds from your body.
Things that are here:
a +0 whip; a kobold corpse An orc comes into view.
It is wielding a +0 short sword.
You grow a pair of large bovine horns.
Your feet morph into talons.
Your +1 hat melds into your body.
The orc shouts!
You hear a shout! x2
Casting: Beastly Appendage (safe; 3% risk of failure)
Confirm with . or Enter, or press ? or * to list all spells.
The spell is quite dangerous to miscast (11% risk of failure)!
Continue anyway?
Your horns disappear.
Your talons disappear.
Your +1 hat unmelds from your body.
You turn into a venomous arachnid creature.
Your +0 cloak melds into your body.
Your +1 hat melds into your body.
Your +0 robe melds into your body.
A kobold comes into view.
It is wielding a +0 hand axe of draining.
The orc wizard points at you and mumbles some strange words.
The magic dart hits you!
Found a stone staircase leading down.
The orc priest shouts!
You hear a shout!
An orc priest comes into view. It is wielding a +0 flail.
The orc completely misses you. The orc wizard misses you.
You hit the orc wizard.
The orc wizard is moderately wounded.
The orc priest calls down the wrath of Beogh upon you.
Beogh smites you!
* * * LOW HITPOINT WARNING * * *
The orc hits you but does no damage.
The orc wizard hits you with a +0 dagger.
* * * LOW HITPOINT WARNING * * *
The orc wizard hits you with a +0 dagger.
* * * LOW HITPOINT WARNING * * *
The orc priest invokes the aid of Beogh against you.
Beogh smites you!
Ouch! That really hurt!
You die...

##†.......#########
.# #o# ...#....###
.. #o. ##....###
..# ####### #.#
.######## #.#
......<.# ##### #.#
#######.#
###...#####.# #.#
##....Ko..o..# #)#
##..so..####### #.#
###....####
#.###....###
#.......##
#......## ##...###
#####


You could see an orc priest, an orc wizard, an orc and a kobold.

Vanquished Creatures
  An orc wizard (D:3)
  3 adders
  A dart slug (D:2)
  3 orcs (D:3)
  2 bats
  7 endoplasms
  A giant cockroach (D:1)
  3 goblins
  2 hobgoblins (D:3)
  2 quokkas
  7 ball pythons
  3 frilled lizards
  A kobold (D:3)
  4 rats
40 creatures vanquished.

Notes
Turn   | Place    | Note
-------+----------+-------------------------------------------
     0 | D:1      | sanka the Deep Elf Transmuter began the quest for the Orb.
     0 | D:1      | Reached XP level 1. HP: 11/11 MP: 6/6
   303 | D:1      | Found a faded altar of an unknown god.
   436 | D:1      | Reached XP level 2. HP: 11/16 MP: 6/8
   952 | D:2      | Reached skill level 1 in Poison Magic
  1277 | D:2      | Reached XP level 3. HP: 14/20 MP: 10/10
  1280 | D:2      | Reached skill level 4 in Spellcasting
  1406 | D:2      | Learned a level 3 spell: Spider Form
  1724 | D:3      | Reached XP level 4. HP: 19/24 MP: 8/12
  1786 | D:3      | Learned a level 4 spell: Iskenderun's Mystic Blast
  2276 | D:3      | Killed from afar by an orc priest

Illustrated notes

Levels and vault maps discovered:
D:1:      ebering_hopf_link, layout_rooms, shapermc_ecumenical_altar_acropolis,
          wander_ebering_terrifying_dragon_lair
D:2:      layout_rooms
D:3:      layout_rooms, old_standard_altar, serial_curves, eino_curves_03,
          eino_curves_02

Skill      XL: |  1  2  3 |
---------------+----------+-----
Poison Magic   | 1 2 |  2.5
Spellcasting   | 4 |  4.8
Transmutations | 3 |  3.0
Fighting       | |  0.7
Dodging        | |  2.4
Unarmed Combat | |  2.4

Action                   |  1- 3 |  4- 6 || total
-------------------------+-------+-------++-------
Melee: Unarmed           |    95 |    18 ||   113
       Kick              |    16 |     2 ||    18
       Headbutt          |    11 |     2 ||    13
       Punch             |     3 |       ||     3
 Cast: Beastly Appendage |    20 |     7 ||    27
       Spider Form       |     3 |     2 ||     5
 Stab: Sleeping          |     1 |       ||     1
Armor: Robe              |    17 |     1 ||    18
       Skin              |     1 |     1 ||     2
Dodge: Dodged            |    72 |    18 ||    90
